 Dungeon Crawl Stone Soup version 0.31-a0-1202-ga8fea8b373 (webtiles) character file.

Game seed: 11861112853044035891

4053 graki42 the Thaumaturge (level 10, -7/50 HPs)
             Began as a Deep Elf Conjurer on Dec 12, 2023.
             Was a Believer of Vehumet.
             Engulfed by a fire crab's flame (15 damage)
             ... on level 8 of the Dungeon.
             The game lasted 00:27:07 (9827 turns).

graki42 the Thaumaturge (Deep Elf Conjurer)         Turns: 9827, Time: 00:27:08

Health: -7/50      AC:  6    Str:  8    XL:     10   Next: 4%
Magic:  12/26      EV: 27    Int: 24    God:    Vehumet [**....]
Gold:   539        SH:  0    Dex: 13    Spells: 18/29 levels left

rFire   . . .        c - staff of conjuration
rCold   . . .        (no shield)
rNeg    . . .        a - +0 robe
rPois   .            (no helmet)
rElec   .            A - +2 cloak
rCorr   .            l - +0 pair of gloves
SInv    .            (no boots)
Will    +....        f - amulet of the acrobat
Stlth   ++           (no ring)
HPRegen 0.28/turn    (no ring)
MPRegen 0.20/turn

%: acrobat
@: acrobatic
A: no striking features
a: Renounce Religion


You were on level 8 of the Dungeon.
You worshipped Vehumet.
Vehumet was pleased with you.
You visited 1 branch of the dungeon, and saw 9 of its levels.

You collected 539 gold pieces.

Inventory:

Armour
 a - a +0 robe (worn)
 l - a +0 pair of gloves (worn)
 A - a +2 cloak (worn)
Magical Staves
 c - a staff of conjuration (weapon)
 s - a staff of air
 t - a staff of poison
Jewellery
 f - an amulet of the acrobat (around neck)
 y - an amulet of reflection
Wands
 j - a wand of iceblast (14)
 u - a wand of flame (13)
Scrolls
 d - 4 scrolls of poison {unknown}
 e - 2 scrolls of blinking {unknown}
 h - 2 scrolls of teleportation {unknown}
 i - 4 scrolls of fear {unknown}
 m - 3 scrolls of enchant armour {unknown}
 n - a scroll of vulnerability {unknown}
 q - a scroll of acquirement {unknown}
 r - a scroll of revelation
 w - a scroll of fog {unknown}
 z - a scroll of torment {unknown}
Potions
 b - a potion of magic
 g - 3 potions of attraction
 k - 2 potions of degeneration
 o - 2 potions of curing
 p - 2 potions of brilliance
 v - a potion of haste
 x - a potion of enlightenment


   Skills:
 - Level 3.0 Dodging
 - Level 3.0 Stealth
 + Level 10.2 Spellcasting
 + Level 9.3 Conjurations
 + Level 9.0 Hexes
 + Level 7.4 Translocations


You had 18 spell levels left.
You knew the following spells:

 Your Spells              Type           Power      Damage    Failure   Level
a - Magic Dart            Conj           100%       1d8       1%          1
b - Searing Ray           Conj           100%       2d8       1%          2
c - Fulminant Prism       Conj/Hex       35%        3d17      1%          4
d - Iskenderun's Mystic   Conj/Tloc      68%        2d14      1%          4

Your spell library contained the following spells:

 Spells                   Type           Power      Damage    Failure   Level
 Scorch                   Fire           24%        2d6       8%          2
 Ensorcelled Hibernation  Hex/Ice        66%        N/A       1%          2
 Dazzling Flash           Conj/Hex       100%       N/A       1%          3
 Summon Guardian Golem    Hex/Summ       33%        N/A       2%          3
 Passwall                 Tmut/Erth      10%        N/A       8%          2
 Wereblood                Tmut           12%        N/A       8%          2
 Swiftness                Air            12%        N/A       16%         3
 Irradiate                Conj/Tmut      25%        3d20      22%         5
 Silence                  Hex/Air        16%        N/A       22%         5
 Orb of Destruction       Conj           36%        9d11      67%         7
 Agony                    Necr           12%        N/A       82%         5
 Spellforged Servitor     Conj/Summ      25%        N/A       100%        7


Dungeon Overview and Level Annotations

Branches:
Dungeon (9/15)             Temple (0/1) D:5            Lair (0/5) D:8
    Orc: D:9-12

Altars:
Hepliaklqana
Kikubaaqudgha
Qazlal
Ru
Vehumet
The Shining One

Shops:
D:2 [(!(   D:9 [


Message History

You feel a surge of power!
You conjure a prism of explosive energy!
A fulminant prism comes into view.
The fire crab breathes flames at you.
The blast of flame engulfs your fulminant prism.
Your fulminant prism resists.
Unknown command.
Unknown command.
The fire crab breathes flames at you. The blast of flame misses you.
Casting: Fulminant Prism (dangerous; 1% risk of failure)
Confirm with . or Enter, or press ? or * to list all spells.
You don't know that spell.
You are engulfed in blazing flames.
You are engulfed in blazing flames.
Casting: Fulminant Prism (dangerous; 1% risk of failure)
Confirm with . or Enter, or press ? or * to list all spells.
Aiming: Fulminant Prism (dangerous; 1% risk of failure)
Press: ? - help, Dir - move target You feel a surge of power!
You conjure a prism of explosive energy!
A fulminant prism comes into view.
Your fulminant prism crackles loudly.
Your fulminant prism explodes!
The blast of energy engulfs the fire crab!!
The fire crab is heavily wounded.
Casting: Fulminant Prism (dangerous; 1% risk of failure)
Confirm with . or Enter, or press ? or * to list all spells.
Aiming: Fulminant Prism (dangerous; 1% risk of failure)
Press: ? - help, Dir - move target You feel a surge of power!
You conjure a prism of explosive energy!
A fulminant prism comes into view.
Your fulminant prism crackles loudly.
The fire crab breathes flames at you. The blast of flame engulfs you!
* * * LOW HITPOINT WARNING * * *
Unknown command.
You are engulfed in blazing flames.
You die...

#.#$##....##.##°.....###..#
.......##.##.##.#.###.#.#.#
##. .#.##.##.##.#.# ##.##.#
# ..##.##......# ####.#
.#### #.##.####...## #.#
......#.##)# #...# #.#
#..*t..####...##### ##.#
#....○°○○.........###...
#.#...○@○..........##.##
#.#.##○○○..........##.#.
....##.##.#...#.##.##.#.
#..####.##.#..)#.##.##...
#.. #.##.#...#.##...... #.
..##.#...#.#######. .
####.......# ###. ##.#.#)##
#... #.#...# #.#.


You could see a fire crab (ally target) and a friendly fulminant prism.

Vanquished Creatures
  A kobold demonologist (D:9)
  2 steam dragons
  2 water moccasins (D:7)
  3 ice beasts
  2 sky beasts
  An orc warrior (D:6)
  A black bear (D:6)
  2 centaurs
  3 ogres
  2 phantoms (D:5)
  4 kobold brigands
  A bullfrog (D:8)
  2 scorpions (D:5)
  5 wights (D:9)
  4 killer bees (D:8)
  A howler monkey (D:6)
  4 jellies
  3 hounds
  6 orc priests
  2 gnoll boudas
  Jessica (D:2)
  4 iguanas
  10 orc wizards
  9 adders
  7 gnolls
  A shadow imp (D:5)
  4 ufetubi
  2 worms
  A dart slug (D:2)
  42 orcs
  9 ball pythons
  7 endoplasms
  4 giant cockroaches
  4 goblins
  6 hobgoblins
  3 jackals (D:4)
  7 quokkas
  7 bats
  3 frilled lizards
  22 kobolds
  6 rats
210 creatures vanquished.

Vanquished Creatures (others)
  An orc (D:8)
  4 fulminant prisms
5 creatures vanquished.

Grand Total: 215 creatures vanquished

Notes
Turn   | Place    | Note
-------+----------+-------------------------------------------
     0 | D:1      | graki42 the Deep Elf Conjurer began the quest for the Orb.
     0 | D:1      | Reached XP level 1. HP: 10/10 MP: 6/6
   295 | D:1      | Reached XP level 2. HP: 15/15 MP: 2/8
   298 | D:1      | Learned a level 2 spell: Searing Ray
   586 | D:1      | Found a faded altar of an unknown god.
  1150 | D:2      | Reached XP level 3. HP: 19/19 MP: 6/10
  1264 | D:2      | Found Zuvuaffa's Distillery.
  1336 | D:2      | Reached skill level 4 in Spellcasting
  1336 | D:2      | Reached skill level 5 in Conjurations
  1522 | D:2      | Found Vurchogiu's Antique Armour Shoppe.
  1670 | D:2      | Noticed Jessica
  1673 | D:2      | Killed Jessica
  1674 | D:2      | Reached XP level 4. HP: 24/24 MP: 8/12
  1727 | D:2      | Found Finkovar's Weapon Emporium.
  2092 | D:2      | Found Efeavod's Antique Weapon Boutique.
  2259 | D:3      | Learned a level 4 spell: Fulminant Prism
  2264 | D:3      | Learned a level 4 spell: Iskenderun's Mystic Blast
  2517 | D:3      | Reached skill level 5 in Spellcasting
  2517 | D:3      | Reached skill level 1 in Hexes
  2517 | D:3      | Reached XP level 5. HP: 28/28 MP: 9/14
  2522 | D:3      | Reached skill level 1 in Translocations
  2828 | D:3      | Found a stormy altar of Qazlal.
  3043 | D:3      | Found a glowing golden altar of the Shining One.
  3344 | D:4      | Reached XP level 6. HP: 32/32 MP: 13/16
  3801 | D:4      | You fall into a shaft and drop 3 floors!
  4019 | D:7      | Noticed a water moccasin
  4023 | D:7      | Killed a water moccasin
  4024 | D:7      | Reached skill level 6 in Spellcasting
  4024 | D:7      | Reached XP level 7. HP: 36/36 MP: 12/18
  4162 | D:5      | Entered Level 5 of the Dungeon
  4945 | D:5      | Reached skill level 7 in Spellcasting
  5180 | D:5      | Reached skill level 5 in Hexes
  5180 | D:5      | Reached XP level 8. HP: 41/41 MP: 7/20
  6086 | D:5      | Found a radiant altar of Vehumet.
  6086 | D:5      | Found a sacrificial altar of Ru.
  6088 | D:5      | Found an ancient bone altar of Kikubaaqudgha.
  6088 | D:5      | Found a hazy altar of Hepliaklqana.
  6091 | D:5      | Became a worshipper of Vehumet
  6131 | D:5      | Found a staircase to the Ecumenical Temple.
  6178 | D:6      | Reached skill level 5 in Translocations
  6379 | D:6      | Reached skill level 8 in Spellcasting
  6669 | D:6      | Reached XP level 9. HP: 45/45 MP: 12/23
  6953 | D:6      | Reached * piety under Vehumet
  6953 | D:6      | Offered knowledge of Sandblast by Vehumet.
  7541 | D:7      | Reached skill level 9 in Spellcasting
  7809 | D:7      | Identified the dragon-blood talisman "Raduadee" {Str+4
                  | Dex+5}
  8990 | D:8      | Found a staircase to the Lair.
  8991 | D:8      | Noticed a fire crab
  9025 | D:8      | Offered knowledge of Scorch by Vehumet.
  9026 | D:8      | Reached ** piety under Vehumet
  9394 | D:9      | Noticed a kobold demonologist
  9400 | D:9      | Noticed a rust devil
  9402 | D:9      | Killed a kobold demonologist
  9403 | D:9      | Reached skill level 10 in Spellcasting
  9573 | D:9      | Found Fysubept's Armour Emporium.
  9660 | D:9      | Reached XP level 10. HP: 50/50 MP: 19/26
  9827 | D:8      | Engulfed by a fire crab's flame

Illustrated notes

Levels and vault maps discovered:
D:1:      dpeg_arrival_pond, layout_basic, basic_ecumenical_altar, serial_bayou,
          serial_bayou_shore_a, serial_bayou_pond_a, serial_bayou_shore_b,
          serial_bayou_pond_d
D:2:      layout_loops_corners, serial_shops, shop, shop, shop,
          nicolae_shop_window_shopping, uniq_jessica
D:3:      layout_rooms, mainiacjoe_overflow_concentric_impassable,
          nicolae_qazlal_general_emergency
D:4:      layout_loops_ring
D:5:      layout_loops_corners, mainiacjoe_overflow_alcove_3, temple_hall
D:6:      layout_loops_ring, nicolae_eternal_life, kennysheep_opposing_triangles
D:7:      layout_basic
D:8:      layout_loops_cross, minmay_lair_entry_lava, hangedman_incinerator
D:9:      layout_basic, nicolae_take_the_stairs, minivault_16,
          minmay_stone_trees_small, lemuel_flame_loot_1

Skill      XL: |  1  2  3  4  5  6  7  8  9 10 |
---------------+-------------------------------+-----
Stealth        | 3 |  3.0
Dodging        | 3 |  3.0
Spellcasting   | 4 5 6 7 8 10 | 10.2
Conjurations   | 5 6 7 8 9 |  9.3
Hexes          | 1 2 3 5 6 8 9 |  9.0
Translocations | 1 3 4 5 7 |  7.4

Action                     |  1- 3 |  4- 6 |  7- 9 | 10-12 || total
---------------------------+-------+-------+-------+-------++-------
   Cast: Magic Dart        |    56 |    81 |    77 |     5 ||   219
         Searing Ray       |     3 |    18 |    69 |     3 ||    93
         Iskenderun's Myst |       |       |    19 |       ||    19
         Fulminant Prism   |       |       |     1 |     4 ||     5
  Evoke: Wand              |       |       |     2 |       ||     2
    Use: Scroll            |       |       |     7 |       ||     7
 Armour: Robe              |     1 |     8 |    20 |     5 ||    34
  Dodge: Dodged            |     5 |    13 |    60 |     1 ||    79

Table legend: (Time is in decaauts)
 A = Elapsed time spent in this place.
 B = Non-inter-level travel time spent in this place.
 C = Inter-level travel time spent in this place.
 D = Time resting spent in this place.
 E = Time spent auto-exploring this place.
 F = Levels seen in this place.
 G = Mean time per level.
                   A        B        C        D        E       F      G
               +--------+--------+--------+--------+--------+-----+--------+
         Total |   9846 |   9642 |    204 |    471 |   8135 |   9 | 1094.0 |
       Dungeon |   9846 |   9642 |    204 |    471 |   8135 |   9 | 1094.0 |
               +--------+--------+--------+--------+--------+-----+--------+

Top non-repeatable levels by time:
     D:5: 1616 daAuts
     D:2: 1378 daAuts
     D:6: 1336 daAuts
     D:7: 1241 daAuts
     D:1: 1014 daAuts
     D:3: 964 daAuts
     D:4: 848 daAuts
     D:8: 737 daAuts
     D:9: 709 daAuts
